 Dungeon Crawl Stone Soup version 0.23-a0-171-g5ae17c6 (webtiles) character file.

150740 KristoblXynda the Unseen (level 16, -2/77 HPs)
             Began as a Felid Monk on Sept 12, 2018.
             Was the Champion of Yredelemnul.
             Hit by a large rock thrown by a stone giant (53 damage)
             ... on level 5 of the Vaults on Sept 13, 2018.
             The game lasted 03:11:19 (51782 turns).

KristoblXynda the Unseen (Felid Monk)              Turns: 51782, Time: 03:11:20

Health: -2/77      AC: 11    Str:  8    XL:     16   Next: 35%
Magic:  33/33      EV: 32    Int: 16    God:    Yredelemnul [******]
Gold:   3012       SH:  4    Dex: 21    Spells: 23/40 levels left
                                        Lives:  0   Deaths: 3

rFire    . . .     SeeInvis +     - Unarmed
rCold    + . .     Gourm    .   (shield unavailable)
rNeg     . . .     Faith    .   (armour unavailable)
rPois    .         Spirit   .   (helmet unavailable)
rElec    .         Reflect  +   (cloak unavailable)
rCorr    .         Harm     .   (gloves unavailable)
MR       ++...                  (boots unavailable)
Stlth    ++++++....             c - +4 amulet of reflection
HPRegen  0.22/turn              Q - ring of Robustness {AC+8}
MPRegen  0.23/turn              R - +6 ring of slaying

@: drained, quick
A: very small, no armour, no weapons or thrown items, stealth, antennae 1, claws
1, fangs 3, see invisible, carnivore, speed 1, shaggy fur 3, slow metabolism 1,
sharp paws
}: 2/15 runes: barnacled, gossamer
a: Recall Undead Slaves, Injury Mirror, Animate Dead, Drain Life, Enslave Soul,
Renounce Religion


You were on level 5 of the Vaults.
You worshipped Yredelemnul.
Yredelemnul was exalted by your worship.
You were not hungry.

You visited 7 branches of the dungeon, and saw 37 of its levels.
You also visited: Volcano.

You collected 3673 gold pieces.
You spent 661 gold pieces at shops.

Inventory:

Jewellery
 c - a +4 amulet of reflection (around neck)
 j - the amulet "Trusted Companion" {Spirit +Inv rElec rC+}
   (You acquired it on level 6 of the Dungeon)

   [amulet of guardian spirit]

   It causes incoming damage to be split between your health and magic.
   It protects you from cold.
   It insulates you from electricity.
   It lets you turn invisible.
 Q - the ring of Robustness (left paw) {AC+8}
   (You found it on level 4 of the Spider Nest)

   [ring of protection]

   It affects your AC (+8).
 R - a +6 ring of slaying (right paw)
Wands
 b - a wand of paralysis (10)
 r - a wand of iceblast (5)
 s - a wand of scattershot (12)
 u - a wand of digging (11)
 y - a wand of clouds (3)
 z - a wand of disintegration (19)
 G - a wand of acid (11)
Scrolls
 e - 8 scrolls of blinking
 k - 22 scrolls of remove curse
 l - 4 scrolls of fear
 o - 8 scrolls of teleportation
 p - 4 scrolls of amnesia
 q - 4 scrolls of identify
 x - 3 scrolls of immolation
 B - 2 scrolls of silence
 E - a scroll of summoning
 J - 5 scrolls of magic mapping
 K - 2 scrolls of vulnerability
 L - a scroll of fog
Potions
 d - 13 potions of curing
 f - 3 potions of magic
 g - 5 potions of mutation
 h - 2 potions of flight
 i - 7 potions of lignification
 n - 13 potions of brilliance
 t - 8 potions of resistance
 v - 5 potions of invisibility
 w - 3 potions of might
 A - 4 potions of berserk rage
 D - 5 potions of haste
 H - 2 potions of agility
 M - 7 potions of ambrosia
 N - 2 potions of cancellation
 O - 2 potions of heal wounds
Miscellaneous
 m - a phial of floods
Comestibles
 a - 45 rations


   Skills:
 + Level 12.4(11.7) Fighting
 + Level 14.7(14.0) Dodging
 - Level 15.0(14.3) Stealth
 - Level 15.0(14.3) Unarmed Combat
 + Level 12.6(12.0) Spellcasting
 - Level 3.2(2.7) Conjurations
 + Level 13.0(12.3) Transmutations
 - Level 9.1(8.5) Air Magic
 - Level 10.0(9.3) Invocations
 - Level 10.1(9.4) Evocations


You had 23 spell levels left.
You knew the following spells:

 Your Spells              Type           Power        Failure   Level  Hunger
a - Mephitic Cloud        Conj/Pois/Air  ###.....     4%          3    None
b - Airstrike             Air            #####.....   2%          4    ##.....
c - Hydra Form            Tmut           #####.....   8%          6    ######.
d - Petrify               Tmut/Erth      ####....     6%          4    ##.....

Your spell library contained the following spells:

 Spells                   Type           Power        Failure   Level  Hunger
 Beastly Appendage        Tmut           #####.       1%          1    None
 Shock                    Conj/Air       ####         1%          1    None
 Poisonous Vapours        Pois/Air       ###...       1%          2    None
 Sticks to Snakes         Tmut           #####...     1%          2    None
 Swiftness                Chrm/Air       ###.....     1%          2    None
 Spider Form              Tmut/Pois      ####......   1%          3    None
 Blade Hands              Tmut           #####.....   1%          5    #####..
 Static Discharge         Conj/Air       ####....     2%          3    None
 Ice Form                 Ice/Tmut       ####....     6%          4    ##.....
 Confusing Touch          Hex            #.....       8%          1    None
 Corona                   Hex            #......      8%          1    None
 Irradiate                Conj/Tmut      ####......   10%         5    #####..
 Blink                    Tloc           N/A          11%         2    None
 Corpse Rot               Necr           N/A          11%         2    None
 Ensorcelled Hibernation  Hex/Ice        #.....       11%         2    None
 Shroud of Golubria       Chrm/Tloc      #.........   11%         2    None
 Conjure Flame            Conj/Fire      ##......     13%         3    None
 Dazzling Spray           Conj/Hex       ##....       13%         3    None
 Stone Arrow              Conj/Erth      ##....       13%         3    None
 Summon Lightning Spire   Summ/Air       ###.....     13%         4    ##.....
 Yara's Violent Unravell  Hex/Tmut       ####......   17%         5    #####..
 Lightning Bolt           Conj/Air       ####......   21%         5    #####..
 Confuse                  Hex            #.......     22%         3    None
 Gell's Gravitas          Tloc           #.........   22%         3    None
 Lesser Beckoning         Tloc           #.........   22%         3    None
 Recall                   Summ/Tloc      N/A          22%         3    None
 Teleport Other           Tloc           #.......     22%         3    None
 Tukima's Dance           Hex            #.......     22%         3    None
 Silence                  Hex/Air        ###.......   34%         5    #####..
 Dragon Form              Tmut           #####.....   38%         7    #######
 Cause Fear               Hex            #.........   58%         4    ##.....
 Leda's Liquefaction      Hex/Erth       #.........   58%         4    ##.....
 Passage of Golubria      Tloc           N/A          58%         4    ##.....
 Statue Form              Tmut/Erth      ####.....    67%         6    ######.
 Conjure Ball Lightning   Conj/Air       ####......   75%         6    ######.
 Bolt of Magma            Conj/Fire/Erth ##........   82%         5    #####..
 Deflect Missiles         Chrm/Air       ###.......   89%         6    ######.
 Aura of Abjuration       Summ           #.........   90%         5    #####..
 Metabolic Englaciation   Hex/Ice        #.........   90%         5    #####..
 Summon Forest            Summ/Tloc      #.........   90%         5    #####..
 Freezing Cloud           Conj/Ice/Air   ###.......   94%         6    ######.
 Iron Shot                Conj/Erth      ##........   100%        6    ######.
 Ring of Flames           Chrm/Fire      #.........   100%        7    #######
 Spellforged Servitor     Conj/Summ      ##........   100%        7    #######
 Summon Hydra             Summ           #.........   100%        7    #######
 Discord                  Hex            #.........   100%        8    #######
 Shatter                  Erth           #.........   100%        9    #######
 Tornado                  Air            #####.....   100%        9    #######


Dungeon Overview and Level Annotations

Branches:
Dungeon (15/15)            Temple (1/1) D:7            Lair (6/6) D:11
 Shoals (4/4) Lair:4       Spider (4/4) Lair:4        Slime (0/5) Lair:5
    Orc (2/2) D:11            Elf (0/3) Orc:2        Vaults (5/5) D:14
  Crypt (0/3) Vaults:2     Depths (0/5) D:15

Altars:
Ashenzari
Cheibriados
Dithmenos
Elyvilon
Fedhas
Gozag
Hepliaklqana
Kikubaaqudgha
Makhleb
Nemelex Xobeh
Okawaru
Qazlal
Ru
Trog
Uskayaw
Vehumet
Wu Jian
Xom
Yredelemnul
Zin
The Shining One
Beogh
Jiyva

Shops:
D:6 (   D:10 %   D:11 ?   D:13 ?   D:14 %   Orc:2 %!*=   Vaults:1 *
Vaults:2 (   Vaults:3 [

Annotations:
Lair:3 exclusion: 4 oklob plants
Lair:5 3 runed doors, Dukluodd's ghost, journeyman HaGl
Vaults:1 1 runed door, Eneuly's ghost, legendary MfIE


Innate Abilities, Weirdness & Mutations

You cannot wear armour.
You are incapable of wielding weapons or throwing items.
Your paws allow you to move quietly. (Stealth)
You have sharp claws.
You have razor-sharp teeth.
You have supernaturally acute eyesight. (SInv)
You are carnivorous and can eat meat at any time.
You cover ground quickly.
Your thick and shaggy fur keeps you warm. (AC +3, rC+)
You have a slow metabolism.
Your sharp claws are effective at attacking unaware monsters.
You have a pair of small antennae on your head.


Message History

The ettin hits your bone dragon with an enchanted dire flail!!!
The ettin hits your bone dragon but does no damage.
Your ghoul claws the ettin!
Your ghoul claws the ettin!!
The ettin dies!
Yredelemnul accepts your kill.
You call on the dead to rise...
The dead are walking!
You feel somewhat more hungry.
You swap places.
You start resting.
Unholy energy fills the air.
You start resting.
Unholy energy fills the air.
You swap places.
You hear a shout!
You hear a shout!
A stone giant comes into view.
A sphinx comes into view.
The stone giant throws a large rock.
The large rock hits you!!!
Ouch! That really hurt!
You die...
Your body rises from the dead as a mindless zombie.

##################
#....n.Z..........
#....@D...........
#....#############
#...C.. #..#H...D
#..#.......
#..##...).. #..
...... #.. ......


You could see a sphinx, a stone giant, a friendly bone dragon, a friendly ghoul
and a friendly ettin zombie.

Vanquished Creatures
  Rupert (D:14)
  A quicksilver dragon (Vaults:5)
  A storm dragon (Vaults:3)
  A ghost moth (Spider:3)
  2 vault wardens
  A ghoul (Vaults:2)
  An emperor scorpion (Spider:4)
  4 ironheart preservers
  2 stone giants
  An entropy weaver (Vaults:3)
  A great orb of eyes (Vaults:4)
  A merfolk impaler (Shoals:3)
  An ettin (Vaults:4)
  A merfolk javelineer (Shoals:4)
  2 fire dragons
  Erolcha (D:11)
  12 vault guards
  An ice dragon (Vaults:3)
  A hydra (Lair:5)
  A merfolk aquamancer (Shoals:2)
  A catoblepas (Lair:5)
  A death knight (Vaults:4)
  A centaur warrior (D:14)
  3 ogre magi
  6 two-headed ogres
  A deep troll shaman (Vaults:3)
  A deep elf knight (Vaults:4)
  A hell knight (Volcano)
  An orc high priest (Orc:2)
  A salamander mystic (Volcano)
  4 unseen horrors
  5 deep trolls
  2 sea snakes
  2 ironbrand convokers (Vaults:3)
  A lindwurm (Lair:2)
  A wizard (D:10)
  2 orc knights
  An orb spider (shapeshifter) (Vaults:4)
  An orb spider (Spider:4)
  6 manticores
  8 wolf spiders
  4 orc sorcerers (Orc:2)
  2 ugly things (Vaults:3)
  4 deep elf magi
  5 salamanders (Volcano)
  3 merfolk sirens
  A cyclops (D:11)
  A centaur zombie (D:13)
  3 vault sentinels
  9 elephants
  4 spiny frogs
  2 large abominations (D:10)
  A komodo dragon (shapeshifter) (Vaults:3)
  5 komodo dragons
  9 yaktaurs
  2 demonic crawlers
  3 rime drakes
  A troll (shapeshifter) (Vaults:4)
  2 trolls
  3 jumping spiders
  5 merfolk
  9 slime creatures
  A wind drake (Shoals:4)
  4 hornets
  5 blink frogs
  A fire giant simulacrum (Vaults:3)
  A dream sheep (Lair:6)
  A hippogriff (shapeshifter) (Vaults:4)
  9 hippogriffs
  5 snapping turtles
  10 redbacks
  5 water elementals
  5 tarantellas
  A vampire (D:14)
  8 spriggans
  2 shadows
  A wraith (D:14)
  3 basilisks
  A hog (shapeshifter) (Vaults:4)
  7 wyverns
  20 yaks
  Grum (Lair:1)
  A vampire mosquito (D:14)
  A yaktaur simulacrum (Vaults:1)
  A soldier ant (shapeshifter) (Vaults:4)
  An acid dragon (Vaults:2)
  2 wargs (Orc:2)
  7 water moccasins
  A hell hound (Lair:5)
  7 porcupines
  22 orc warriors
  5 sky beasts
  2 black bears
  3 ice beasts
  A sky beast (shapeshifter) (Vaults:4)
  4 phantoms
  6 centaurs
  4 boggarts (Lair:6)
  15 ogres
  A necrophage (D:14)
  13 wolves
  13 crocodiles
  2 big kobolds
  16 bullfrogs
  5 small abominations (D:10)
  A wyvern skeleton (D:13)
  5 scorpions
  14 killer bees
  A human simulacrum (Vaults:3)
  2 spriggan skeletons (D:14)
  19 wights
  7 crimson imps
  2 quasits
  19 orc priests
  A jelly (D:5)
  A gnoll shaman (D:4)
  6 hounds
  2 bullfrog zombies
  10 orc wizards
  3 bullfrog skeletons
  2 centaur skeletons (D:14)
  7 worker ants
  4 iguanas
  A killer bee zombie (D:8)
  A howler monkey zombie (D:8)
  10 gnolls
  8 adders
  3 shadow imps
  8 worms
  A dart slug (D:1)
  8 leopard geckos
  94 orcs
  9 bats
  7 giant cockroaches
  8 goblins
  6 hobgoblins
  6 jackals
  4 quokkas
  3 ball pythons
  9 frilled lizards
  12 kobolds
  10 rats
703 creatures vanquished.

Vanquished Creatures (collateral kills)
  Boris (Vaults:4)
  A profane servitor (Vaults:1)
  A lich (Vaults:4)
  A titan (Vaults:5)
  A kraken (Shoals:1)
  Gastronok (D:8)
  A shadow dragon (Vaults:5)
  Ilsuiw (Shoals:4)
  A fire giant (D:15)
  2 ghost moths (Spider:4)
  9 vault wardens
  An orc warlord (Orc:2)
  7 emperor scorpions
  A ghoul (Vaults:4)
  2 frost giants
  Louise (Shoals:4)
  7 ironheart preservers
  5 entropy weavers
  3 stone giants (Vaults:3)
  3 spark wasps
  A deep elf demonologist (Vaults:3)
  An ettin (Vaults:5)
  2 fire dragons
  A deep elf death mage (Vaults:4)
  An eidolon (Vaults:2)
  4 merfolk javelineers (Shoals:4)
  Josephine (D:14)
  A crystal guardian (Vaults:3)
  9 merfolk impalers
  Harold (D:11)
  Fannar (D:11)
  2 great orbs of eyes (Vaults:1)
  3 yaktaur captains
  2 hydras
  An ice dragon (Vaults:3)
  8 vault guards
  An alligator snapping turtle (Shoals:4)
  A merfolk avatar (Shoals:4)
  2 death knights
  5 merfolk aquamancers
  3 centaur warriors
  An ogre mage (Vaults:1)
  20 two-headed ogres
  3 deep troll shamans
  3 satyrs
  3 orc high priests (Orc:2)
  4 deep elf knights
  A fire crab (Lair:4)
  6 spriggans (Lair:6)
  5 skeletal warriors
  2 unseen horrors
  An obsidian statue (D:15)
  A wizard (D:14)
  10 deep trolls
  11 sea snakes
  10 orc knights
  A deep elf archer (Vaults:3)
  23 orb spiders
  4 ironbrand convokers
  8 harpies
  27 wolf spiders
  10 deep elf magi
  5 cyclopes
  A necromancer (D:14)
  9 ugly things
  10 manticores
  2 orc sorcerers
  12 fauns
  2 moths of wrath
  Maurice (D:13)
  8 elephants
  6 merfolk sirens
  A guardian serpent (D:12)
  2 centaur zombies
  3 black mambas
  6 vault sentinels
  A torpor snail (Spider:1)
  4 spiny frogs
  3 water nymphs
  A centaur skeleton (D:14)
  A kobold demonologist (D:11)
  18 yaktaurs
  6 demonic crawlers
  2 rime drakes (Lair:5)
  8 komodo dragons
  4 freezing wraiths
  A redback zombie (Spider:4)
  15 merfolk
  4 trolls
  17 jumping spiders
  A tengu simulacrum (Vaults:1)
  5 wind drakes
  6 hornets
  4 polar bears (Lair:6)
  5 dream sheep
  4 hippogriffs
  7 snapping turtles
  A human simulacrum (Vaults:3)
  10 slime creatures
  6 blink frogs
  75 redbacks
  12 water elementals
  10 yaks
  4 wraiths (D:14)
  3 wyverns
  34 tarantellas
  3 hungry ghosts
  3 basilisks (Lair:5)
  3 vampire mosquitoes
  2 wargs
  2 water moccasins
  A hell hound (Lair:5)
  A porcupine (D:11)
  3 ice beasts
  A black bear (Lair:6)
  30 orc warriors
  A sky beast (D:9)
  5 boggarts (Vaults:2)
  2 phantoms
  6 ogres
  A necrophage (D:6)
  12 wolves
  3 centaurs
  2 crocodiles (Lair:6)
  2 bullfrogs
  A big kobold (D:8)
  A wyvern zombie (D:7)
  A gnoll sergeant (D:11)
  2 small abominations (D:10)
  5 killer bees
  A spriggan skeleton (D:14)
  4 wights
  2 electric eels
  A howler monkey (D:8)
  2 crimson imps
  A hound (D:12)
  2 jellies (D:14)
  A quasit (D:15)
  13 orc priests
  5 orc wizards
  2 worker ants
  A hound skeleton (D:8)
  A worker ant zombie (D:10)
  3 gnolls
  2 adders
  40 orcs
  A quokka (D:5)
  2 kobolds (D:9)
  A bush (Lair:6)
  14 fungi
  28 plants
815 creatures vanquished.

Vanquished Creatures (others)
  3 bone dragons
  4 ghouls
  7 vampire knights
  A titan zombie (Vaults:5)
  A deep elf knight (Vaults:3)
  10 skeletal warriors
  10 flayed ghosts
  2 phantasmal warriors (Spider:4)
  A deep elf mage (Vaults:2)
  2 wolf spider zombies (Spider:1)
  3 yaktaur zombies
  7 redback zombies
  A sea snake zombie (Shoals:4)
  3 merfolk zombies (Shoals:4)
  A ghoul skeleton (Vaults:5)
  3 human skeletons (Vaults:5)
  A jumping spider zombie (Spider:1)
  8 flying skulls
  A redback (Spider:1)
  A black mamba zombie (Lair:6)
  A tarantella (Spider:3)
  5 wraiths
  2 wind drake zombies (Shoals:4)
  6 vampires
  A salamander zombie (Volcano)
  A two-headed ogre zombie (Vaults:1)
  An elf zombie (Vaults:3)
  A spiny frog zombie (Lair:6)
  A manticore zombie (Shoals:4)
  A hornet zombie (Lair:6)
  A snapping turtle zombie (Shoals:4)
  2 blink frog zombies (Lair:6)
  3 elephant zombies
  3 hippogriff zombies
  A komodo dragon zombie (Lair:5)
  A hell hound zombie (Lair:5)
  4 wyvern zombies (Lair:5)
  A water moccasin zombie (Lair:6)
  A warg zombie (Orc:2)
  2 spriggan zombies (Lair:6)
  7 wolf zombies (Lair:6)
  A jelly (D:9)
  2 bullfrog zombies
  A centaur zombie (D:14)
  2 basilisk zombies (Lair:5)
  3 porcupine zombies (D:11)
  2 crocodile zombies (Lair:6)
  5 killer bee zombies
  An ogre zombie (Orc:2)
  A big kobold zombie (D:9)
  An ogre skeleton (D:10)
  A hound zombie (D:7)
  2 mummies
  A worker ant zombie (D:11)
  A worm zombie (Lair:4)
  3 adder zombies
  A gnoll zombie (D:4)
  A frilled lizard zombie (D:4)
  A jackal zombie (D:5)
  3 kobold zombies
  47 orc zombies
  A quokka zombie (D:6)
  17 fungi
  13 plants
  4 tentacles (Shoals:1)
231 creatures vanquished.

Grand Total: 1749 creatures vanquished

Notes
Turn   | Place    | Note
-------+----------+-------------------------------------------
     0 | D:1      | KristoblXynda the Felid Monk began the quest for the Orb.
     0 | D:1      | Reached XP level 1. HP: 10/10 MP: 2/2
   265 | D:1      | Reached XP level 2. HP: 12/14 MP: 3/3
   996 | D:1      | Reached XP level 3. HP: 17/17 MP: 4/4
  1753 | D:2      | Reached skill level 5 in Dodging
  1788 | D:2      | Reached XP level 4. HP: 20/21 MP: 5/5
  2057 | D:3      | Noticed an ice beast
  2157 | D:3      | Killed an ice beast
  2157 | D:3      | Reached skill level 5 in Stealth
  2157 | D:3      | Reached XP level 5. HP: 20/24 MP: 6/6
  2280 | D:3      | Found a bloodstained altar of Trog.
  2435 | D:3      | Found a basalt altar of Yredelemnul.
  2515 | D:3      | Became a worshipper of Yredelemnul the Dark
  2515 | D:3      | Reached * piety under Yredelemnul
  2515 | D:3      | Reached ** piety under Yredelemnul
  2597 | D:3      | HP: 1/36 [orc priest/divine providence (7)]
  2615 | D:3      | Gained mutation: You are covered in thick fur. (AC +2)
                  | [Felid growth]
  2615 | D:3      | Reached XP level 6. HP: 27/28 MP: 7/7
  2775 | D:3      | Found an ornate altar of the Wu Jian Council.
  2909 | D:3      | Reached skill level 1 in Invocations
  3274 | D:4      | Found a bloodstained altar of Trog.
  3615 | D:4      | Found a glowing golden altar of the Shining One.
  4171 | D:5      | Entered Level 5 of the Dungeon
  4443 | D:5      | Noticed a sky beast
  4492 | D:5      | Killed a sky beast
  4492 | D:5      | Reached skill level 5 in Unarmed Combat
  4492 | D:5      | Reached XP level 7. HP: 13/31 MP: 9/9
  5528 | D:5      | Found a shattered altar of Ashenzari.
  5635 | D:5      | Reached *** piety under Yredelemnul
  5635 | D:5      | Reached XP level 8. HP: 32/34 MP: 11/11
  6901 | D:6      | Found Qeatapt's Antique Weapon Shoppe.
  8117 | D:6      | Identified a scroll of acquirement
  8118 | D:6      | Got a twitching sapphire amulet
  8122 | D:6      | Identified the amulet "Trusted Companion" {Spirit +Inv
                  | rElec rC+} (You acquired it on level 6 of the Dungeon)
  8341 | D:6      | Found a blossoming altar of Fedhas.
  8384 | D:6      | Received a gift from Yredelemnul (a mummy)
  8915 | D:7      | Found a sparkling altar of Nemelex Xobeh.
  8915 | D:7      | Found a shattered altar of Ashenzari.
  8915 | D:7      | Found a hazy altar of Hepliaklqana.
  8917 | D:7      | Reached XP level 9. HP: 31/37 MP: 9/13
  8917 | D:7      | Received a gift from Yredelemnul (3 flying skulls)
  8925 | D:7      | Found a shimmering altar of Xom.
  8925 | D:7      | Found a sacrificial altar of Ru.
  9024 | D:7      | Found an ancient bone altar of Kikubaaqudgha.
  9024 | D:7      | Found a glowing silver altar of Zin.
  9065 | D:7      | Reached skill level 5 in Invocations
  9167 | D:7      | Found a staircase to the Ecumenical Temple.
  9176 | Temple   | Entered the Ecumenical Temple
  9468 | D:8      | Gained mutation: Your spells are a little harder to cast,
                  | but a little more powerful. [potion of mutation]
  9468 | D:8      | Gained mutation: You are partially covered in icy blue
                  | scales. (AC +2) [potion of mutation]
  9559 | D:8      | Noticed Gastronok
  9574 | D:8      | Killed Gastronok
  9574 | D:8      | Reached skill level 10 in Dodging
  9574 | D:8      | Reached skill level 10 in Stealth
  9886 | D:8      | Noticed a two-headed ogre
  9898 | D:8      | Killed a two-headed ogre
  9898 | D:8      | Reached skill level 1 in Evocations
  9910 | D:8      | Reached XP level 10. HP: 42/42 MP: 13/15
 10046 | D:8      | Learned a level 3 spell: Mephitic Cloud
 10166 | D:8      | Reached **** piety under Yredelemnul
 10784 | D:9      | Received a gift from Yredelemnul (a wraith)
 10829 | D:9      | Noticed an unseen horror
 10873 | D:9      | Killed an unseen horror
 11235 | D:9      | Found a radiant altar of Vehumet.
 11704 | D:10     | Entered Level 10 of the Dungeon
 11816 | D:10     | Received a gift from Yredelemnul (a mummy)
 12270 | D:10     | Noticed a wizard
 12274 | D:10     | Killed a wizard
 12274 | D:10     | Reached skill level 5 in Evocations
 12277 | D:10     | Noticed a large abomination
 12278 | D:10     | Noticed a large abomination
 12605 | D:10     | Found Irghiw Tino's Food Shop.
 12616 | D:10     | Bought a ration for 55 gold pieces
 12616 | D:10     | Bought a ration for 55 gold pieces
 12616 | D:10     | Bought a ration for 55 gold pieces
 12627 | D:10     | Learned a level 4 spell: Airstrike
 12738 | D:10     | Noticed a two-headed ogre
 12971 | D:10     | Killed a large abomination
 12971 | D:10     | Reached XP level 11. HP: 19/45 MP: 12/18
 13542 | D:11     | Reached skill level 1 in Air Magic
 13564 | D:11     | Received a gift from Yredelemnul (a wraith)
 13673 | D:11     | Noticed Fannar
 13683 | D:11     | Killed Fannar
 13932 | D:11     | Noticed Erolcha
 14058 | D:11     | Killed Erolcha
 14153 | D:11     | Noticed a two-headed ogre
 14154 | D:11     | Received a gift from Yredelemnul (2 flying skulls)
 14182 | D:11     | Killed a two-headed ogre
 14336 | D:11     | Found a staircase to the Lair.
 14435 | D:11     | Noticed Harold
 14646 | D:11     | Found a shadowy altar of Dithmenos.
 14653 | D:11     | Received a gift from Yredelemnul (a wraith)
 14657 | D:11     | Noticed an unseen horror
 14674 | D:11     | Killed an unseen horror
 14679 | D:11     | Received a gift from Yredelemnul (a wraith)
 14830 | D:11     | Found a staircase to the Orcish Mines.
 14970 | Lair:1   | Entered Level 1 of the Lair of Beasts
 15154 | Lair:1   | Noticed Grum
 15156 | Lair:1   | Killed Grum
 15169 | Lair:1   | Reached skill level 10 in Unarmed Combat
 15270 | Lair:1   | Reached ***** piety under Yredelemnul
 16194 | Lair:2   | Found a dark tunnel.
 16194 | Lair:2   | Noticed a lindwurm
 16228 | Lair:2   | Killed a lindwurm
 16255 | Volcano  | Entered a volcano
 16276 | Volcano  | Noticed a hell knight
 16287 | Volcano  | Killed a hell knight
 16287 | Volcano  | Gained mutation: Your thick and shaggy fur keeps you warm.
                  | (AC +3, rC+) [Felid growth]
 16287 | Volcano  | Reached XP level 12. HP: 48/48 MP: 15/19
 16692 | Lair:2   | Reached skill level 5 in Air Magic
 17662 | D:11     | Killed Harold
 17803 | D:11     | Found Suer's Magic Scroll Shoppe.
 17980 | D:12     | Received a gift from Yredelemnul (a vampire)
 19097 | D:13     | Found a snail-covered altar of Cheibriados.
 19285 | D:13     | Noticed Maurice
 19295 | D:13     | Killed Maurice
 19464 | D:13     | Found Nuango's Magic Scroll Boutique.
 19590 | D:13     | Reached skill level 15 in Stealth
 19813 | D:14     | Noticed a centaur warrior
 19934 | D:14     | Noticed Rupert
 19948 | D:14     | Killed a centaur warrior
 19949 | D:14     | Received a gift from Yredelemnul (a wraith)
 20012 | D:14     | Reached skill level 1 in Spellcasting
 20117 | D:14     | HP: 2/48 [Rupert/great mace of protection (30)]
 20139 | D:14     | Killed Rupert
 20260 | D:14     | Reached XP level 13. HP: 51/51 MP: 21/21
 21874 | Lair:4   | Found a staircase to the Shoals.
 21908 | Lair:4   | Reached skill level 10 in Evocations
 21908 | Lair:4   | Received a gift from Yredelemnul (a skeletal warrior)
 21999 | Lair:4   | Found a hole to the Spider Nest.
 22587 | Shoals:1 | Entered Level 1 of the Shoals
 22669 | Lair:5   | Found a viscous altar of Jiyva.
 23160 | Lair:5   | Found a runed gate.
 23160 | Lair:5   | Found a runed gate.
 23160 | Lair:5   | Found a runed gate.
 23162 | Lair:5   | Received a gift from Yredelemnul (3 flying skulls)
 23164 | Lair:5   | Noticed Dukluodd's ghost (journeyman HaGl)
 23253 | Lair:5   | Found a staircase to the Slime Pits.
 23590 | Lair:5   | Reached ****** piety under Yredelemnul
 23602 | Lair:5   | Received a gift from Yredelemnul (a flayed ghost)
 24003 | Lair:6   | Entered Level 6 of the Lair of Beasts
 24259 | Lair:6   | Reached skill level 5 in Spellcasting
 24845 | Lair:6   | Received a gift from Yredelemnul (a vampire)
 25106 | Lair:6   | Reached XP level 14. HP: 55/55 MP: 21/23
 25151 | Lair:6   | Received a gift from Yredelemnul (a skeletal warrior)
 25692 | Lair:6   | Received a gift from Yredelemnul (a flayed ghost)
 26492 | Orc:1    | Entered Level 1 of the Orcish Mines
 26527 | Orc:1    | Received a gift from Yredelemnul (a ghoul)
 26822 | Orc:1    | Found a roughly hewn altar of Beogh.
 27157 | Orc:2    | Entered Level 2 of the Orcish Mines
 27184 | Orc:2    | Received a gift from Yredelemnul (a bone dragon)
 27383 | Orc:2    | Received a gift from Yredelemnul (a vampire knight)
 27637 | Orc:2    | Received a gift from Yredelemnul (a skeletal warrior)
 27704 | Orc:2    | Found Qauciov's Jewellery Boutique.
 27725 | Orc:2    | Bought an uncursed ring of poison resistance for 340 gold
                  | pieces
 27739 | Orc:2    | Reached skill level 1 in Conjurations
 27743 | Orc:2    | Found Gepeti's Assorted Antiques.
 28184 | Orc:2    | Found a roughly hewn altar of Beogh.
 28284 | Orc:2    | Received a gift from Yredelemnul (a bone dragon)
 28297 | Orc:2    | Killed from afar by an orc sorcerer
 28298 | Orc:2    | Reached XP level 13. HP: 0/51 MP: 0/23
 28321 | Orc:2    | Reached skill level 10 in Invocations
 29229 | Orc:2    | Noticed a stone giant
 29231 | Orc:2    | Killed a stone giant
 29252 | Orc:2    | Learned a level 6 spell: Hydra Form
 29942 | Orc:2    | Found a staircase to the Elven Halls.
 29943 | Orc:2    | Received a gift from Yredelemnul (a vampire)
 30025 | Orc:2    | Gained mutation: You are frail. (-10% HP) [a neqoxec]
 30026 | Orc:2    | Reached skill level 1 in Transmutations
 30080 | Orc:2    | Identified Mnoleg's Collected Works on Creation
 30152 | Orc:2    | Found Otach's Distillery.
 30186 | Orc:2    | Bought a potion of curing for 39 gold pieces
 30186 | Orc:2    | Bought 2 potions of curing for 78 gold pieces
 30186 | Orc:2    | Bought a potion of lignification for 39 gold pieces
 30216 | Orc:2    | Noticed an orc warlord
 30224 | Orc:2    | Lost mutation: You are frail. (-10% HP) [potion of
                  | mutation]
 30224 | Orc:2    | Lost mutation: Your spells are a little harder to cast, but
                  | a little more powerful. [potion of mutation]
 30224 | Orc:2    | Lost mutation: You are partially covered in icy blue
                  | scales. (AC +2) [potion of mutation]
 30224 | Orc:2    | Gained mutation: You are robust. (+10% HP) [potion of
                  | mutation]
 30224 | Orc:2    | Gained mutation: You are dopey. (Int -2) [potion of
                  | mutation]
 30224 | Orc:2    | Gained mutation: You evolve. [potion of mutation]
 30224 | Orc:2    | Gained mutation: You are resistant to hostile enchantments.
                  | (MR+) [potion of mutation]
 30230 | Orc:2    | Received a gift from Yredelemnul (a flayed ghost)
 30233 | Orc:2    | Found a roughly hewn altar of Beogh.
 30235 | Orc:2    | Killed an orc warlord
 30288 | Orc:2    | Found Uckanil's Food Shop.
 30460 | Orc:2    | Received a gift from Yredelemnul (a flayed ghost)
 31392 | D:14     | Received a gift from Yredelemnul (a bone dragon)
 31410 | D:14     | Received a gift from Yredelemnul (a vampire)
 31412 | D:14     | Reached XP level 14. HP: 62/62 MP: 22/25
 31616 | D:14     | Found Jaihosacs's Food Shop.
 31619 | D:14     | Noticed Josephine
 31636 | D:14     | Killed Josephine
 31637 | D:14     | Received a gift from Yredelemnul (a phantasmal warrior)
 31650 | D:14     | Lost mutation: You are robust. (+10% HP) [evolution]
 31650 | D:14     | Lost mutation: You evolve. [end of evolution]
 31798 | D:14     | Lost mutation: You are resistant to hostile enchantments.
                  | (MR+) [potion of mutation]
 31798 | D:14     | Lost mutation: You are dopey. (Int -2) [potion of mutation]
 31798 | D:14     | Gained mutation: You have a pair of small antennae on your
                  | head. [potion of mutation]
 32055 | D:14     | Found a gate to the Vaults.
 32491 | D:15     | Entered Level 15 of the Dungeon
 32581 | D:15     | Received a gift from Yredelemnul (a skeletal warrior)
 32628 | D:15     | Reached skill level 5 in Fighting
 32927 | D:15     | Found a staircase to the Depths.
 32927 | D:15     | Noticed a fire giant
 32928 | D:15     | Found the +3 robe of Folly {Archmagi, MR-- Int+5}
 32940 | D:15     | Killed a fire giant
 32941 | D:15     | Received a gift from Yredelemnul (a flayed ghost)
 33451 | Spider:1 | Entered Level 1 of the Spider Nest
 33473 | Spider:1 | Received a gift from Yredelemnul (a profane servitor)
 33556 | Spider:1 | Received a gift from Yredelemnul (a vampire)
 33610 | Spider:1 | Received a gift from Yredelemnul (a flayed ghost)
 33616 | Spider:1 | Noticed an emperor scorpion
 33625 | Spider:1 | Killed an emperor scorpion
 33625 | Spider:1 | Reached skill level 5 in Transmutations
 33734 | Spider:1 | Received a gift from Yredelemnul (a vampire knight)
 34003 | Spider:2 | Noticed an entropy weaver
 34012 | Spider:2 | Killed an entropy weaver
 34108 | Spider:2 | Received a gift from Yredelemnul (a phantasmal warrior)
 34171 | Spider:2 | Noticed an emperor scorpion
 34178 | Spider:2 | Killed an emperor scorpion
 34737 | Spider:2 | Received a gift from Yredelemnul (a flayed ghost)
 35706 | Spider:3 | Noticed a ghost moth
 35712 | Spider:3 | Killed a ghost moth
 36140 | Spider:3 | Received a gift from Yredelemnul (a ghoul)
 36248 | Spider:3 | Reached XP level 15. HP: 51/64 MP: 16/28
 36829 | Spider:4 | Entered Level 4 of the Spider Nest
 36881 | Spider:4 | Received a gift from Yredelemnul (a vampire)
 37041 | Spider:4 | Learned a level 4 spell: Petrify
 37049 | Spider:4 | Found the ring of Robustness {AC+8}
 37062 | Spider:4 | Received a gift from Yredelemnul (a vampire knight)
 37495 | Spider:4 | Received a gift from Yredelemnul (a flayed ghost)
 37515 | Spider:4 | Received a gift from Yredelemnul (a skeletal warrior)
 37515 | Spider:4 | Received a gift from Yredelemnul (a skeletal warrior)
 37565 | Spider:4 | Noticed a ghost moth
 37570 | Spider:4 | Killed a ghost moth
 37732 | Spider:4 | Noticed a ghost moth
 37738 | Spider:4 | Killed a ghost moth
 37882 | Spider:4 | Got a gossamer rune of Zot
 38495 | Shoals:1 | Received a gift from Yredelemnul (a ghoul)
 38594 | Shoals:1 | Noticed a kraken
 38612 | Shoals:1 | Killed a kraken
 38865 | Shoals:1 | Got a scorched iron ring
 38866 | Shoals:1 | Identified the ring "Reggoaz" {+Fly rElec rPois Str-3
                  | Dex-3} (You acquired it on level 1 of the Shoals)
 39871 | Shoals:2 | Received a gift from Yredelemnul (a ghoul)
 40033 | Shoals:3 | Reached skill level 10 in Spellcasting
 40117 | Shoals:3 | Reached skill level 15 in Unarmed Combat
 40226 | Shoals:3 | Reached XP level 16. HP: 57/72 MP: 31/31
 40695 | Shoals:3 | Received a gift from Yredelemnul (a vampire knight)
 40883 | Shoals:4 | Entered Level 4 of the Shoals
 40947 | Shoals:4 | HP: 2/72 [alligator snapping turtle (37)]
 41792 | Shoals:4 | Received a gift from Yredelemnul (a skeletal warrior)
 42011 | Shoals:4 | Noticed Louise
 42031 | Shoals:4 | Killed Louise
 42049 | Shoals:4 | Got a barnacled rune of Zot
 42108 | Shoals:4 | Received a gift from Yredelemnul (a vampire knight)
 42113 | Shoals:4 | Reached skill level 10 in Transmutations
 42207 | Shoals:4 | Killed Ilsuiw
 42456 | Vaults:1 | Entered Level 1 of the Vaults
 42553 | Vaults:1 | HP: 1/73 [vault warden/long sword of holy wrath (35)]
 42947 | Vaults:1 | Reached skill level 10 in Fighting
 42964 | Vaults:1 | Killed a profane servitor
 43063 | Vaults:1 | Received a gift from Yredelemnul (a bone dragon)
 43140 | Vaults:1 | Found a runed door.
 43140 | Vaults:1 | Found a shimmering altar of Xom.
 43142 | Vaults:1 | Noticed Eneuly's ghost (legendary MfIE)
 43678 | Vaults:1 | Found Ofuleluxea's General Store.
 45112 | Vaults:2 | Received a gift from Yredelemnul (a skeletal warrior)
 45346 | Vaults:2 | Found Yrelab's Weapon Shoppe.
 45853 | Vaults:2 | Reached XP level 17. HP: 77/77 MP: 33/33
 46043 | Vaults:2 | Found a staircase to the Crypt.
 46484 | Vaults:3 | Received a gift from Yredelemnul (a skeletal warrior)
 47105 | Vaults:3 | Found Lieqim's Antique Armour Emporium.
 47663 | Vaults:3 | Received a gift from Yredelemnul (a flayed ghost)
 47696 | Vaults:3 | Received a gift from Yredelemnul (a skeletal warrior)
 50026 | Vaults:4 | Received a gift from Yredelemnul (a ghoul)
 50582 | Vaults:4 | Received a gift from Yredelemnul (a vampire knight)
 51030 | Vaults:5 | Entered Level 5 of the Vaults
 51030 | Vaults:5 | Noticed a quicksilver dragon
 51037 | Vaults:5 | Noticed Boris
 51040 | Vaults:5 | Reached XP level 18. HP: 84/84 MP: 29/35
 51040 | Vaults:5 | Received a gift from Yredelemnul (a flayed ghost)
 51372 | Vaults:5 | Noticed a lich
 51374 | Vaults:5 | Noticed a Brimstone Fiend
 51388 | Vaults:4 | Killed from afar by a lich
 51389 | Vaults:4 | Reached XP level 17. HP: -3/102 MP: 1/34
 51391 | Vaults:4 | Killed a lich
 51403 | Vaults:4 | Killed Boris
 51586 | Vaults:5 | Received a gift from Yredelemnul (a vampire knight)
 51587 | Vaults:5 | HP: 5/105 [shadow dragon (3)]
 51587 | Vaults:5 | Slain by a shadow dragon
 51588 | Vaults:5 | Reached XP level 16. HP: 0/100 MP: 24/33
 51627 | Vaults:5 | Noticed a titan
 51639 | Vaults:5 | Killed a titan
 51674 | Vaults:5 | HP: 2/77 [shadow dragon/bolt of negative energy (37)]
 51676 | Vaults:5 | Killed a shadow dragon
 51781 | Vaults:5 | Noticed a sphinx
 51782 | Vaults:5 | Hit by a large rock thrown by a stone giant

Vault maps used:
D:1:      dpeg_arrival_water_fire
D:3:      old_standard_altar, lemuel_round_altar, overflow_temple_1_default,
          first_ration
D:4:      tso_metal_star, lemuel_blue_sif_altar, trog_butcher_becter
D:5:      evilmike_ruin_ashenzari
D:6:      basic_altar, serial_shops, shop
D:7:      minmay_overflow_temple_star_hex, gammafunk_temple_overflow_elements,
          minmay_temple_entry_statues
D:8:      minmay_opposing_rooms, the_bakery,
          hangedman_abyss_or_decor_jellyfish_corner, uniq_gastronok
D:9:      fiery_altar_vehumet, minmay_misc_feat_hallway, item_on_display_a
D:10:     serial_shops, nicolae_shop_statue_plus, laboratory
D:11:     grunt_lair_entry_orc_guard_hut, hiddenorc1_lemuel, basic_altar,
          serial_shops, nicolae_shop_crystal, uniq_harold, uniq_fannar,
          uniq_erolcha
D:12:     nicolae_zen_rock_garden, nrook_guardian_serpent_ordinary
D:13:     serial_shops, shop, cheibriados_altar_1, uniq_maurice
D:14:     david_vaults_1, minivault_24, serial_shops, kennysheep_mini, hex_tiny,
          hangedman_tell_no_tales, uniq_rupert, uniq_josephine
D:15:     grunt_enter_depths_giant_problem, serial_bayou_ford_a,
          minmay_statue_bubble
Temple:   jpeg_temple_island
Lair:1:   uniq_grum
Lair:2:   nicolae_volcano_entry_vermiform
Lair:3:   grunt_megastairs_4, minmay_lair_oklob_chamber
Lair:4:   elwin_shoals_entry_stream, nicolae_spider_entry_non_spiders
Lair:5:   slime_altar_1, special_room, gammafunk_ghost_hydra_chop,
          ldierk_geyser, nicolae_quartered_pool_little
Lair:6:   minmay_lair_end_enchanted_forest, st_stairs_7,
          infiniplex_staircase_pool, grunt_megastairs_5
Shoals:1: nicolae_shoals_kraken_intersection
Shoals:2: abandoned_shop
Shoals:3: nicolae_shoals_so_close
Shoals:4: shoals_end_grunt_ice, shoal_ilsuiw, uniq_louise
Spider:4: grunt_spider_rune_circles, hangedman_spider_tarantella_strand
Orc:1:    abandoned_shop, lemuel_statue_altar
Orc:2:    pubby_orc_utopia
Vaults:1: ebering_vaults_ghost_xom, hangedman_vaults_nodes, vaults_dpeg_ring,
          ontoclasm_vaults_ring_small, grunt_vaults_hallway_long, v_misc_27,
          nicolae_vaults_angled_halls, v_misc_17, vaults_mumra_hexcomb,
          nicolae_vaults_border_crossing, v_pattern_1, vaults_room_pools,
          ontoclasm_vaults_pinch, serial_shops, nicolae_shop_window_shopping
Vaults:2: minmay_crypt_entry_simple_walls, nicolae_vaults_little_ls,
          nicolae_vaults_puzzle_piece, nicolae_vaults_shelves_hall,
          nicolae_vaults_network_barrier, v_alt_pattern_6,
          vaults_mumra_chevron_long, vaults_dpeg_spiral, v_misc_23,
          nicolae_vaults_theta, nicolae_vaults_little_squares_6, serial_shops,
          shop
Vaults:3: v_misc_9, nicolae_vaults_angled_halls, v_misc_22,
          vaults_room_door_hall, ontoclasm_vaults_fault,
          nicolae_vaults_know_your_exits, ontoclasm_vaults_decontamination,
          nicolae_vaults_theta, nicolae_vaults_angled_halls, vaults_dpeg_hooks,
          serial_shops, nicolae_shop_trees
Vaults:4: v_pattern_4, nicolae_vaults_three_branches, v_rooms_6,
          v_alt_pattern_4, hangedman_vaults_nails, grunt_vaults_hallway_short,
          ontoclasm_vaults_eye, vaults_dpeg_encased_lava, v_misc_12
Vaults:5: serial_shops, uniq_boris
Volcano:  volcano_pools

Skill      XL: |  1  2  3  4  5  6  7  8  9 10 11 12 13 14 15 16 17 |
---------------+----------------------------------------------------+-----
Stealth        | 3 4 5 6 7 9 10 12 13 15 | 15.0
Dodging        | 5 6 7 9 10 12 14 | 14.7
Unarmed Combat | 4 5 6 8 9 10 11 12 14 15 | 15.0
Invocations    | 2 3 4 6 8 10 | 10.0
Evocations     | 1 5 7 9 10 | 10.1
Air Magic      | 4 6 8 9 |  9.1
Spellcasting   | 1 7 8 10 11 12 | 12.6
Conjurations   | 3 1 |  3.2
Transmutations | 3 6 9 13 12 | 13.0
Fighting       | 4 6 9 10 12 | 12.4

Action                   |  1- 3 |  4- 6 |  7- 9 | 10-12 | 13-15 | 16-18 || total
-------------------------+-------+-------+-------+-------+-------+-------++-------
Melee: Unarmed           |   138 |   219 |   295 |   560 |   996 |   390 ||  2598
       Bite              |     9 |    12 |    39 |    58 |   117 |    38 ||   273
       Punch             |     1 |     8 |     8 |    25 |    67 |    35 ||   144
 Cast: Airstrike         |       |       |       |       |       |    18 ||    18
       Mephitic Cloud    |       |       |       |       |       |     8 ||     8
       Petrify           |       |       |       |       |       |     4 ||     4
       Hydra Form        |       |       |       |       |       |     4 ||     4
Invok: Animate Remains   |       |     2 |     3 |       |       |       ||     5
       Animate Dead      |       |       |    16 |    40 |   140 |    58 ||   254
       Recall Undead Sla |       |       |       |     3 |     4 |     6 ||    13
       Drain Life        |       |       |       |     1 |     1 |    12 ||    14
Evoke: Wand              |       |       |       |    57 |    12 |     3 ||    72
       Phial of floods   |       |       |       |     2 |       |     1 ||     3
  Use: Scroll            |       |    11 |    11 |    25 |    13 |    12 ||    72
       Potion            |       |     6 |     1 |     5 |     9 |     7 ||    28
 Stab: Sleeping          |    12 |    13 |    11 |    48 |    70 |    30 ||   184
       Distracted        |       |       |     2 |     5 |    21 |     9 ||    37
       Paralysed         |       |       |       |       |     1 |     5 ||     6
       Petrified         |       |       |       |       |       |     2 ||     2
  Eat: Chunk             |     9 |     4 |    11 |    31 |    68 |    36 ||   159
       Ration            |       |       |     2 |       |    11 |     5 ||    18
Armor: Skin              |     4 |    28 |     8 |    16 |    45 |    59 ||   160
Dodge: Dodged            |   102 |   165 |   247 |   538 |  1041 |   449 ||  2542
Block: Other             |       |       |       |       |     9 |    68 ||    77
       Reflection        |       |       |       |       |     3 |     2 ||     5

Table legend:
 A = Non-vault XP
 B = Vault XP
 C = Vault XP percentage of total XP
 D = Non-vault monster count
 E = Vault monster count
 F = Vault count percentage of total count
                 A         B        C        D         E       F
            +---------+---------+-------+---------+---------+-------
      Total |  194347 |  155044 |  44.4 |     938 |     538 |  36.4
            +---------+---------+-------+---------+---------+-------
        D:1 |      41 |       0 |   0.0 |      24 |       0 |   0.0
        D:2 |      67 |       0 |   0.0 |      25 |       0 |   0.0
        D:3 |     348 |       0 |   0.0 |      38 |       0 |   0.0
        D:4 |     208 |       9 |   4.1 |      12 |       4 |  25.0
        D:5 |     942 |       0 |   0.0 |      24 |       0 |   0.0
        D:6 |     928 |       0 |   0.0 |      20 |       0 |   0.0
        D:7 |     553 |       0 |   0.0 |      11 |       0 |   0.0
        D:8 |    1342 |    1794 |  57.2 |      21 |       7 |  25.0
        D:9 |    2022 |       0 |   0.0 |      20 |       0 |   0.0
       D:10 |    1179 |    1943 |  62.2 |      19 |      10 |  34.5
       D:11 |    3218 |    2810 |  46.6 |      27 |      24 |  47.1
       D:12 |    1886 |     345 |  15.5 |      20 |       1 |   4.8
       D:13 |    3862 |     385 |   9.1 |      17 |       1 |   5.6
       D:14 |    7435 |    5311 |  41.7 |      48 |      15 |  23.8
       D:15 |    4854 |    1227 |  20.2 |      34 |       2 |   5.6
     Lair:1 |    3465 |     423 |  10.9 |      22 |       3 |  12.0
     Lair:2 |    2129 |     532 |  20.0 |      11 |       1 |   8.3
     Lair:3 |    1439 |     196 |  12.0 |      11 |       1 |   8.3
     Lair:4 |    4267 |    1478 |  25.7 |      13 |      12 |  48.0
     Lair:5 |    7644 |    5687 |  42.7 |      29 |      26 |  47.3
     Lair:6 |    5695 |    8934 |  61.1 |      25 |      61 |  70.9
   Shoals:1 |    7844 |    1165 |  12.9 |      32 |       1 |   3.0
   Shoals:2 |    8783 |       0 |   0.0 |      29 |       0 |   0.0
   Shoals:3 |   11239 |     125 |   1.1 |      32 |       1 |   3.0
   Shoals:4 |    5079 |   16355 |  76.3 |      17 |      39 |  69.6
   Spider:1 |   11193 |       0 |   0.0 |      60 |       0 |   0.0
   Spider:2 |    8697 |       0 |   0.0 |      32 |       0 |   0.0
   Spider:3 |    9433 |       0 |   0.0 |      37 |       0 |   0.0
   Spider:4 |   14826 |   13019 |  46.8 |      64 |      39 |  37.9
      Orc:1 |    1769 |       0 |   0.0 |      31 |       0 |   0.0
      Orc:2 |       0 |   15637 | 100.0 |       0 |     149 | 100.0
   Vaults:1 |    4280 |   18202 |  81.0 |      15 |      40 |  72.7
   Vaults:2 |    6100 |    4544 |  42.7 |      12 |      15 |  55.6
   Vaults:3 |   31634 |   12630 |  28.5 |      74 |      23 |  23.7
   Vaults:4 |   14134 |   18291 |  56.4 |      24 |      35 |  59.3
   Vaults:5 |    5812 |   19935 |  77.4 |       8 |      21 |  72.4
    Volcano |       0 |    4067 | 100.0 |       0 |       7 | 100.0
            +---------+---------+-------+---------+---------+-------
